 Dungeon Crawl Stone Soup version 0.27-a0-797-g27d10ad80f (webtiles) character file.

Game seed: 8689957604565318675

106 inqbanana the Skirmisher (level 4, 0/40 HPs)
             Began as a Hill Orc Fighter on Mar 27, 2021.
             Slain by an iguana (3 damage)
             ... on level 4 of the Dungeon.
             The game lasted 00:03:28 (2675 turns).

inqbanana the Skirmisher (Hill Orc Fighter)         Turns: 2675, Time: 00:03:29

Health: 0/40       AC: 10    Str: 18    XL:     4   Next: 84%
Magic:  3/3        EV:  7    Int:  8    God:
Gold:   111        SH:  4    Dex: 11    Spells: 3/3 levels left

rFire    . . .     SeeInvis .   a - +0 long sword
rCold    . . .     Faith    .   i - +0 buckler
rNeg     . . .     Spirit   .   h - +0 chain mail
rPois    .         Reflect  .   (no helmet)
rElec    .         Harm     .   (no cloak)
rCorr    .         Rampage  .   g - +0 pair of gloves
Will     .....                  (no boots)
Stlth    ..........             (no amulet)
HPRegen  0.13/turn              (no ring)
MPRegen  0.08/turn              (no ring)

@: brilliant
A: low mp 1
a: no special abilities


You were on level 4 of the Dungeon.
You visited 1 branch of the dungeon, and saw 4 of its levels.

You collected 111 gold pieces.

Inventory:

Hand Weapons
 a - a +0 long sword (weapon)
Armour
 c - a +0 kite shield
 g - a +0 pair of gloves (worn)
 h - a +0 chain mail (worn)
 i - a +0 buckler (worn)
Wands
 e - a wand of paralysis (12)
Scrolls
 f - a scroll of brand weapon
 k - a scroll of teleportation {unknown}
 l - a scroll of acquirement {unknown}
 m - a scroll of noise {unknown}
Potions
 d - a potion of might


   Skills:
 + Level 4.2 Fighting
 * Level 3.4 Long Blades
 + Level 3.8 Armour
 + Level 1.2 Dodging
 + Level 3.8 Shields


You had 3 spell levels left.
You didn't know any spells.
Your spell library contained the following spells:

 Spells                   Type           Power      Damage    Failure   Level
 Magic Dart               Conj           0%         1d3       99%         1
 Blink                    Tloc           N/A        N/A       100%        2
 Call Imp                 Summ           0%         N/A       100%        2
 Slow                     Hex            0%         N/A       100%        2
 Conjure Flame            Conj/Fire      0%         6-21      100%        3
 Mephitic Cloud           Conj/Pois/Air  0%         N/A       100%        3


Dungeon Overview and Level Annotations

Branches:
Dungeon (4/15)
 Temple: D:4-7

Altars:

Annotations:
D:4 Robin


Innate Abilities, Weirdness & Mutations

Your magical capacity is low. (-10% MP)


Message History

The goblin no longer looks unusually strong.
The goblin hits you but does no damage.
Robin roars a battlecry!
The goblin goes into a battle-frenzy!
You hit the goblin.
You kill the goblin!
The goblin hits you but does no damage.
The iguana bites you but does no damage.
Items here: ( )))))))) †††††.
You hit the iguana but do no damage.
Your extra speed is starting to run out.
Robin barely misses you. The iguana bites you. You block the goblin's attack.
You barely miss the iguana. You block Robin's attack.
You closely miss the iguana. The goblin closely misses you.
The iguana barely misses you.
You riposte.
You hit the iguana.
The iguana is moderately wounded.
Robin hits you but does no damage.
You hit the iguana but do no damage.
The iguana is moderately wounded.
The goblin hits you with a +0 dagger.
* * * LOW HITPOINT WARNING * * *
The iguana bites you but does no damage.
You block Robin's attack.
You closely miss the iguana.
The iguana is moderately wounded.
You block the goblin's attack. The iguana bites you.
* * * LOW HITPOINT WARNING * * *
Robin hits you but does no damage.
You hit the iguana but do no damage.
The iguana is moderately wounded.
The goblin barely misses you. You block the iguana's attack.
You slash the iguana!
The iguana is almost dead.
You feel yourself slow down.
Robin hits you from afar with a +0 trident.
* * * LOW HITPOINT WARNING * * *
You barely miss the iguana.
The iguana is almost dead.
The iguana bites you.
You die...

#.# .... #.# ...
#.# ... #.# .. #.#
#.###.#
.g##.#############
#l##..............
#@##.#############
#g##.# #<. #.##.#
#.. #.##.# #(.
#..#.# ##. ##.#.#
#. #...# #. ##..#
## #..#


You could see an iguana, Robin and a goblin (strong).

Vanquished Creatures
  2 adders
  4 worms
  A dart slug (D:2)
  4 endoplasms
  3 giant cockroaches
  14 goblins
  9 hobgoblins
  4 jackals (D:1)
  6 kobolds
  2 quokkas
  8 ball pythons
  5 bats
  3 frilled lizards
  4 rats
69 creatures vanquished.

Notes
Turn   | Place    | Note
-------+----------+-------------------------------------------
     0 | D:1      | inqbanana the Hill Orc Fighter began the quest for the Orb.
     0 | D:1      | Reached XP level 1. HP: 19/19 MP: 1/1
   199 | D:1      | Reached XP level 2. HP: 22/27 MP: 2/2
   648 | D:1      | Reached XP level 3. HP: 28/33 MP: 3/3
  1019 | D:2      | Reached skill level 4 in Fighting
  1418 | D:2      | Reached XP level 4. HP: 40/40 MP: 4/4
  1622 | D:3      | Gained mutation: Your magical capacity is low. (-10% MP)
                  | [potion of mutation]
  1622 | D:3      | Gained mutation: Scrolls take you a little longer to read.
                  | [potion of mutation]
  1622 | D:3      | Lost mutation: Scrolls take you a little longer to read.
                  | [potion of mutation]
  1872 | D:3      | Reached skill level 1 in Dodging
  2624 | D:4      | Noticed Robin
  2675 | D:4      | Slain by an iguana

Illustrated notes

Levels and vault maps discovered:
D:1:      dpeg_arrival_prison, layout_basic, minmay_tree_intersection,
          minmay_door_square, minmay_tromino_mix6
D:2:      wad_pebble_path, layout_rooms, st_stairs_13, kennysheep_another_room
D:3:      layout_basic, cheibrodos_sewer_entry_bend, hangedman_decor_riveting
D:4:      layout_basic, serial_shops, kennysheep_mini, uniq_robin, uniq_purgy,
          uniq_pikel

Skill      XL: |  1  2  3  4 |
---------------+-------------+-----
Fighting       | 4 |  4.2
Long Blades    | 3 |  3.4
Dodging        | 1 |  1.2
Armour         | |  3.8
Shields        | |  3.8

Action                   |  1- 3 |  4- 6 || total
-------------------------+-------+-------++-------
Melee: Long sword        |   112 |   108 ||   220
  Use: Potion            |     1 |     6 ||     7
       Scroll            |       |     1 ||     1
Armor: Scale mail        |    18 |       ||    18
       Chain mail        |    57 |    53 ||   110
Dodge: Dodged            |    27 |    31 ||    58
Block: Kite shield       |    52 |       ||    52
       Buckler           |     8 |    23 ||    31
       Rpst.: Long sword |    11 |    13 ||    24

Table legend: (Time is in decaauts)
 A = Elapsed time spent in this place.
 B = Non-inter-level travel time spent in this place.
 C = Inter-level travel time spent in this place.
 D = Time resting spent in this place.
 E = Time spent auto-exploring this place.
 F = Levels seen in this place.
 G = Mean time per level.
                   A        B        C        D        E       F      G
               +--------+--------+--------+--------+--------+-----+--------+
         Total |   2738 |   2653 |     85 |     56 |   2081 |   4 |  684.5 |
       Dungeon |   2738 |   2653 |     85 |     56 |   2081 |   4 |  684.5 |
               +--------+--------+--------+--------+--------+-----+--------+

Top non-repeatable levels by time:
     D:1: 1044 daAuts
     D:3: 961 daAuts
     D:2: 624 daAuts
     D:4: 107 daAuts
